 Dungeon Crawl Stone Soup version 0.19-a0-831-gce7da8b (webtiles) character file.

625891 Ijustatesigmund the Slayer (level 27, -4/205 HPs)
             Began as a Formicid Fighter on June 28, 2016.
             Was an Elder of Cheibriados.
             Slain by a Tzitzimitl (12 damage)
             ... on level 12 of a ziggurat on June 30, 2016.
             The game lasted 04:58:53 (58041 turns).

Ijustatesigmund the Slayer (Formicid Fighter)      Turns: 58041, Time: 04:58:54

Health: -4/205     AC: 34    Str: 33    XL:     27
Magic:  1/37       EV: 26    Int: 28    God:    Cheibriados [****..]
Gold:   4948       SH: 27    Dex: 30    Spells: 12 memorised, 1 level left

rFire  . . .     SeeInvis +     z - +9 executioner's axe (freeze)
rCold  + + .     Gourm    .     x - +10 pearl dragon armour
rNeg   + . .     Faith    .     c - +3 large shield {rPois}
rPois  +         Spirit   .     (helmet unavailable)
rElec  .         Dismiss  .     C - +0 cloak {MR+}
rCorr  +         Reflect  .     h - +1 pair of gloves of Creativity {*Contam Dex+2 SInv}
SustAt .         Harm     .     p - +1 pair of boots
MR     +++..     Clarity  +     d - amulet of regeneration
Stlth  +++++.....               I - ring of resist corrosion
                                o - ring of Ixaotes {*Contam rC++ EV+2 Int+4}

@: brilliant, drained, very slow, extremely resistant to hostile enchantments,
quite stealthy
A: permanent stasis, dig shafts and tunnels, four strong arms, antennae 3,
repulsion field 1, clarity, dopey 1, frail 1, no device heal 1, MP-powered wands
a: Dig, Shaft Self, Bend Time, Temporal Distortion, Slouch, Renounce Religion
}: 4/15 runes: decaying, serpentine, slimy, silver


You were on level 12 of a ziggurat.
You worshipped Cheibriados.
Cheibriados was greatly pleased with you.
You were very full.

You visited 11 branches of the dungeon, and saw 51 of its levels.
You visited the Abyss 1 time.
You visited 1 ziggurat, and saw 12 of its levels.
You also visited: Labyrinth.

You collected 6805 gold pieces.
You spent 1857 gold pieces at shops.

Inventory:

Hand Weapons
 z - a +9 executioner's axe of freezing (weapon)
 W - the +3 broad axe "Ipneerua" {drain, *Contam +Blink rC+++ Int-2}
   (You took it off a deep elf death mage on level 3 of the Elven Halls)

   A truly terrible weapon, it drains the life of those it strikes.
   It affects your intelligence (-2).
   It renders you almost immune to cold.
   It lets you blink.
   It causes magical contamination when unequipped.
Missiles
 M - 8 silver javelins (quivered)
Armour
 c - a +3 large shield of poison resistance (worn)
 h - the +1 pair of gloves of Creativity (worn) {*Contam Dex+2 SInv}
   (You found it on level 14 of the Dungeon)

   It affects your dexterity (+2).
   It lets you see invisible.
   It causes magical contamination when unequipped.
 i - a +1 shield of reflection
 p - a +1 pair of boots (worn)
 x - a +10 pearl dragon armour (worn)
 C - a +0 cloak of magic resistance (worn)
 U - the +3 scale mail "Fothifi" {rElec rF+++ Regen+ Stlth-}
   (You found it on level 5 of the Pits of Slime)

   It renders you almost immune to fire.
   It insulates you from electricity.
   It increases your rate of regeneration.
   It makes you less stealthy.
Jewellery
 a - the ring of Ychuozoedd {rElec rC+ Str+4 Dex+6}
   (You took it off a vault warden on level 5 of the Vaults)

   [ring of dexterity]

   It affects your strength (+4).
   It affects your dexterity (+6).
   It protects you from cold.
   It insulates you from electricity.
 b - the amulet of Zotamec {Harm *Drain rElec Str-3 Int+9}
   (You found it on level 8 of a ziggurat)

   [amulet of harm]

   It increases damage dealt and taken.
   It affects your strength (-3).
   It affects your intelligence (+9).
   It insulates you from electricity.
   It causes draining when unequipped.
 d - an amulet of regeneration (around neck)
 k - an uncursed ring of protection from fire
 o - the ring of Ixaotes (left hand) {*Contam rC++ EV+2 Int+4}
   (You found it on level 3 of the Snake Pit)

   [ring of evasion]

   It affects your evasion (+2).
   It affects your intelligence (+4).
   It greatly protects you from cold.
   It causes magical contamination when unequipped.
 q - the ring "Kuzerat" {*Corrode +Fly MR+ Str+4 Stlth+}
   (You found it on level 3 of the Elven Halls)

   [ring of flight]

   It affects your strength (+4).
   It affects your resistance to hostile enchantments.
   It lets you fly.
   It may corrode you when you take damage.
   It makes you more stealthy.
 v - the amulet "Qasatee" {Harm *Drain rC+}
   (You found it on level 9 of a ziggurat)

   [amulet of harm]

   It increases damage dealt and taken.
   It protects you from cold.
   It causes draining when unequipped.
 y - the ring of Ykkah {rC+ Int+5}
   (You found it on level 14 of the Dungeon)

   [ring of protection from cold]

   It affects your intelligence (+5).
   It protects you from cold.
 I - a ring of resist corrosion (right hand)
 J - the ring "Ytolopun" {+Fly MR+ Int+6}
   (You found it on level 8 of a ziggurat)

   [ring of protection from magic]

   It affects your intelligence (+6).
   It affects your resistance to hostile enchantments.
   It lets you fly.
 V - the ring "Onaitoim" {Int+5 Dex+6}
   (You found it on level 10 of a ziggurat)

   [ring of intelligence]

   It affects your intelligence (+5).
   It affects your dexterity (+6).
 Z - an uncursed amulet of faith
Wands
 l - a wand of polymorph (13/24)
 t - a wand of lightning (10/15)
 G - a wand of iceblast (6/15)
 N - a wand of acid (11/15)
 T - a wand of disintegration (10/24)
Scrolls
 e - 16 scrolls of remove curse
 s - 2 scrolls of enchant weapon
 u - 8 scrolls of amnesia
 w - 3 scrolls of magic mapping
 D - 5 scrolls of fear
 E - 12 scrolls of immolation
 F - 5 scrolls of identify
 H - 6 scrolls of fog
 O - 13 scrolls of recharging
 Q - a scroll of holy word
 S - 5 scrolls of silence
Potions
 m - 5 potions of flight
 n - 5 potions of curing
 A - 5 potions of magic
 R - 2 potions of ambrosia
Books
 K - Iggiaw's Disquisition on Hexes and Weightlessness
   (You found it on level 9 of a ziggurat)

   Spells                             Type                      Level
   a - Corona                         Hexes                        1
   b - Dazzling Spray                 Conjuration/Hexes            3
   c - Airstrike                      Air                          4
   d - Cause Fear                     Hexes                        4
   e - Summon Lightning Spire         Summoning/Air                4
 P - a book of Geomancy

   Spells                             Type                      Level
   a - Sandblast                      Earth                        1
   b - Passwall                       Transmutation/Earth          2
   c - Stone Arrow                    Conjuration/Earth            3
   d - Petrify                        Transmutation/Earth          4
   e - Lee's Rapid Deconstruction     Earth                        5
 X - Jaahawk's Disquisition on the Escort
   (You found it on level 11 of a ziggurat)

   Spells                             Type                      Level
   a - Summon Butterflies             Summoning                    1
   b - Recall                         Summoning/Translocation      3
   c - Summon Mana Viper              Hexes/Summoning              5
   d - Spellforged Servitor           Conjuration/Summoning        7
 Y - Luuryrph's Collected Works on Flamy Dark Rites
   (You found it on level 11 of a ziggurat)

   Spells                             Type                      Level
   a - Flame Tongue                   Conjuration/Fire             1
   b - Pain                           Necromancy                   1
   c - Sublimation of Blood           Necromancy                   2
   d - Regeneration                   Charms/Necromancy            3
   e - Vampiric Draining              Necromancy                   3
Miscellaneous
 B - the horn of Geryon
 L - 4 phantom mirrors
Comestibles
 f - 27 bread rations
 g - 30 meat rations
 j - 2 royal jellies


   Skills:
 - Level 21.1(21.0) Fighting
 - Level 20.9(20.8) Axes
 - Level 5.7(5.6) Throwing
 - Level 15.3(15.2) Armour
 - Level 10.8(10.7) Dodging
 - Level 12.7(12.6) Stealth
 - Level 15.2 Shields
 - Level 10.0(9.9) Spellcasting
 - Level 10.0(9.9) Conjurations
 - Level 11.7(11.6) Hexes
 - Level 10.9(10.8) Charms
 - Level 3.4(3.3) Summonings
 - Level 3.5 Translocations
 - Level 11.4(11.3) Transmutations
 - Level 5.3 Fire Magic
 - Level 12.2(12.1) Ice Magic
 - Level 10.1 Air Magic
 - Level 13.1(13.0) Poison Magic
 + Level 15.7 Invocations
 - Level 4.0(3.9) Evocations


You had one spell level left.
You knew the following spells:

 Your Spells              Type           Power        Failure   Level  Hunger
a - Repel Missiles        Chrm/Air       ######       1%          2    None
b - Apportation           Tloc           ######....   1%          1    None
c - Summon Butterflies    Summ           #####...     1%          1    None
d - Ensorcelled Hibernat  Hex/Ice        ######       1%          2    None
e - Silence               Hex/Air        ######....   1%          5    ####...
f - Yara's Violent Unrav  Hex/Tmut       #######...   1%          5    ####...
g - Mephitic Cloud        Conj/Pois/Air  #######.     1%          3    None
h - Ignite Poison         Fire/Tmut/Pois ######..     1%          3    None
i - Venom Bolt            Conj/Pois      #######...   1%          5    ####...
j - Deflect Missiles      Chrm/Air       ######....   2%          6    #####..
k - Poisonous Cloud       Conj/Pois/Air  #######...   1%          6    #####..
l - Freezing Cloud        Conj/Ice/Air   ######....   1%          6    #####..


Dungeon Overview and Level Annotations

Branches:
Dungeon (15/15)            Temple (1/1) D:5            Lair (6/6) D:10
  Swamp (4/4) Lair:3        Snake (4/4) Lair:4        Slime (5/5) Lair:6
    Orc (2/2) D:9             Elf (3/3) Orc:2        Vaults (5/5) D:14
  Crypt (0/3) Vaults:3     Depths (5/5) D:15           Hell (1/1)
    Dis (0/7) Hell            Geh (0/7) Hell            Coc (0/7) Hell
    Tar (0/7) Hell
    Zot: Depths:5

Altars:
Ashenzari
Cheibriados
Dithmenos
Elyvilon
Fedhas
Gozag
Hepliaklqana
Kikubaaqudgha
Makhleb
Nemelex Xobeh
Okawaru
Pakellas
Qazlal
Ru
Sif Muna
Trog
Uskayaw
Vehumet
Xom
Yredelemnul
Zin
The Shining One
Jiyva

Shops:
D:8 (   D:10 [??=   D:12 :   Orc:2 :[!%   Vaults:1 (   Vaults:3 *(??!%:
Depths:1 *

Portals:
Hell: Depths:1 Depths:2 Depths:3 Depths:4
Abyss: Depths:3 Depths:4
Pandemonium: Depths:2 Depths:3
Trove: D:10 (give wand of heal wounds (9))

Annotations:
D:14 exclusion: Roxanne, Roxanne
Depths:1 exclusion: orange crystal statue


Innate Abilities, Weirdness & Mutations

You are under a permanent stasis effect.
You can dig through walls and to a lower floor.
Your four strong arms can wield two-handed weapons with a shield.
You have a pair of large antennae on your head. (SInv)
You are surrounded by a mild repulsion field. (EV +2)
You possess an exceptional clarity of mind.
You are dopey. (Int -2)
You are frail. (-10% HP)
Potions and wands are less effective at restoring your health.
You expend magic power (3 MP) to strengthen your wands.


Message History

* * * LOW HITPOINT WARNING * * *
The Tzitzimitl is healed.
The spectral frost giant is healed.
The spectral frost giant misses you.
You miss the Tzitzimitl.
The Tzitzimitl is moderately wounded.
You slash the spectral frost giant! You freeze the spectral frost giant.
You block the Tzitzimitl's attack. x2; The spectral frost giant misses you.
You can feel time thicken for a moment.
You feel somewhat less full.
You can no longer step out of the time flow.
Cheibriados lowers the support of your attributes as your movement quickens.
The Tzitzimitl calls on the powers of darkness!
Your body is wracked with pain!
* * * LOW HITPOINT WARNING * * *
You block the spectral frost giant's attack.
You closely miss the Tzitzimitl.
The Tzitzimitl is heavily wounded.
You slash the spectral frost giant! You freeze the spectral frost giant.
You slash the spectral fire giant! You freeze the spectral fire giant.
The Tzitzimitl engulfs you!
You die...

.#.#.......∩..▓
.............L.....▓▓
.....#.#.#.........▓
...................▓
...........6......▓▓
.................▓▓
................▓▓
......Z1Z......▓▓
▓.....@.....▓▓▓
▓▓▓▓▓▓.▓▓▓▓▓▓ ▓▓▓


You could see a Tzitzimitl, a revenant (wandering), an infernal black sun, a
spectral fire giant and a spectral frost giant.

Vanquished Creatures
  Dissolution (Slime:2)
  Mara (Swamp:3)
  A pandemonium lord (Zig:11)
  A juggernaut (Depths:2)
  A shard shrike (Zig:4)
  Geryon (Hell)
  5 Killer Klowns (Zig:11)
  A caustic shrike (Depths:2)
  2 golden dragons (Depths:3)
  Jory (Vaults:2)
  Nikola (Depths:2)
  Rupert (Lair:3)
  An electric golem (Zig:6)
  A tentacled monstrosity (Vaults:5)
  A Tzitzimitl (Zig:12)
  The ghost of Tungsten the Scorcher, an adept DEFE of Vehumet (Vaults:4)
  4 deep elf blademasters
  3 deep elf master archers
  6 titans (Vaults:5)
  4 liches
  Murray (Hell)
  5 sphinxes
  2 quicksilver dragons (Vaults:5)
  25 acid blobs
  Frances (Swamp:2)
  11 tengu reavers
  7 shadow dragons
  4 thorn hunters
  2 storm dragons
  14 greater nagas
  A revenant (Depths:4)
  10 deep elf sorcerers
  Donald (Swamp:3)
  24 azure jellies
  8 fire giants
  9 frost giants
  15 vault wardens
  3 iron dragons
  Aizul (Snake:2)
  3 iron dragons (shapeshifter) (Depths:4)
  A caustic shrike zombie (Hell)
  A balrug (Hell)
  An emperor scorpion (Zig:5)
  7 deep elf elementalists
  Louise (Elf:3)
  A cacodemon (Depths:4)
  8 very ugly things
  18 stone giants
  11 reapers
  5 war gargoyles
  13 ironheart preservers
  2 entropy weavers (Zig:5)
  2 vampire knights
  3 lorocyprocas
  4 deep elf demonologists
  Azrael (Elf:1)
  A black sun (Zig:12)
  8 deep elf annihilators
  A dire elephant (shapeshifter) (Zig:11)
  6 spark wasps
  6 blizzard demons
  A minotaur (Lab)
  21 ettins
  A crystal guardian (Depths:4)
  A fire dragon (shapeshifter) (Vaults:5)
  3 fire dragons (Depths:3)
  6 deep elf death magi
  5 death oozes
  9 deep elf high priests
  9 great orbs of eyes
  5 rakshasas
  29 vault guards
  25 hydras
  10 anacondas
  2 ice dragons (shapeshifter)
  21 yaktaur captains
  Fannar (Lair:3)
  9 ice dragons
  Harold (Lair:4)
  11 naga warriors
  6 spriggan air magi
  3 ghost crabs (Swamp:3)
  17 centaur warriors
  A catoblepas (D:14)
  13 deep troll shamans
  2 death knights
  8 alligators
  18 ogre magi
  29 dancing weapons
  6 death yaks (Lair:4)
  2 orc high priests
  2 vampire magi
  7 tengu warriors
  2 queen ants (shapeshifter)
  A spriggan berserker (Depths:2)
  21 deep troll earth magi
  A hell hog (Depths:4)
  A hell hog (shapeshifter) (Depths:4)
  4 spriggans
  6 naga sharpshooters
  A hell knight (Vaults:5)
  3 small abominations
  25 deep elf knights
  8 shock serpents
  11 soul eaters
  9 sun demons
  3 shadow wraiths
  13 sea snakes (Snake:4)
  An iron troll (Zig:1)
  2 salamander mystics (Snake:4)
  3 skeletal warriors
  7 wizards
  6 unseen horrors
  A spark wasp zombie (Hell)
  2 flayed ghosts
  9 naga ritualists
  3 giant orange brains
  58 deep trolls
  2 unseen horrors (shapeshifter)
  A hill giant (shapeshifter) (Vaults:1)
  2 spriggan druids
  10 swamp dragons
  A sphinx zombie (Hell)
  4 shambling mangroves (Swamp:3)
  2 lindwurms (Lair:6)
  4 necromancers
  11 hill giants
  A shadow dragon zombie (Hell)
  19 deep elf archers
  3 phantasmal warriors
  An orange crystal statue (Depths:2)
  19 orc knights
  20 ironbrand convokers
  10 mana vipers
  12 harpies
  A manticore (shapeshifter) (Depths:4)
  A wolf spider (shapeshifter) (Vaults:5)
  2 orb spiders (Zig:5)
  75 deep elf magi
  A hornet (shapeshifter) (Depths:1)
  A wolf spider zombie (D:14)
  36 ugly things
  An orb spider (shapeshifter) (Depths:1)
  7 orc sorcerers
  5 shining eyes
  9 griffons
  A mana viper (shapeshifter) (Vaults:4)
  A wolf spider (Vaults:1)
  A frost giant zombie (Zig:9)
  A shining eye (shapeshifter) (Depths:2)
  A fire giant zombie (Vaults:5)
  A manticore (D:12)
  8 hornets
  3 sixfirhies
  7 cyclopes
  A moth of wrath (shapeshifter) (Depths:4)
  13 salamanders
  A moth of wrath (Zig:5)
  A sphinx skeleton (Vaults:5)
  2 frost giant skeletons (Vaults:5)
  A molten gargoyle (Hell)
  2 stone giant zombies (Hell)
  Maurice (D:10)
  A salamander (shapeshifter) (D:14)
  2 octopodes (shapeshifter)
  2 ice statues (Hell)
  3 rust devils (Hell)
  4 elephants
  2 smoke demons
  A torpor snail (Lair:6)
  2 apocalypse crabs (Zig:11)
  10 guardian serpents
  17 vault sentinels
  47 black mambas
  3 eyes of devastation
  4 gargoyles (Lab)
  21 naga magi
  4 centaur skeletons
  2 orange demons (Hell)
  19 spiny frogs
  3 hellions
  8 freezing wraiths
  4 yaktaurs (shapeshifter)
  An elf zombie (Hell)
  A yaktaur zombie (Vaults:5)
  A komodo dragon (shapeshifter) (Elf:2)
  2 tormentors
  2 redback zombies (D:15)
  69 yaktaurs
  A kobold demonologist (D:15)
  3 rime drakes
  6 komodo dragons
  A spectral glowing shapeshifter (Zig:12)
  2 ice devils (Hell)
  6 trolls
  7 red devils
  2 hydra zombies (Hell)
  5 tengu conjurers
  A queen bee (shapeshifter) (Vaults:4)
  A jumping spider (shapeshifter) (Vaults:5)
  2 polar bears (shapeshifter)
  3 jumping spiders
  9 boulder beetles
  7 giant leeches
  Prince Ribbit (D:5)
  A tengu simulacrum (Vaults:3)
  Grinder (D:3)
  29 two-headed ogres
  A raiju (shapeshifter) (Vaults:3)
  A hydra skeleton (Hell)
  A fire giant simulacrum (Vaults:2)
  4 bog bodies
  A hornet zombie (D:15)
  4 deep troll zombies (Hell)
  A spriggan zombie (Zig:9)
  120 slime creatures
  A raiju (Zig:6)
  A fire dragon zombie (Hell)
  An ice dragon zombie (Hell)
  20 blink frogs
  2 alligator zombies (Hell)
  An ettin skeleton (Vaults:5)
  2 redbacks (Vaults:5)
  6 air elementals
  A spriggan skeleton (Zig:9)
  A redback (shapeshifter) (Depths:2)
  38 yaks
  A tarantella (shapeshifter) (Vaults:1)
  A centaur simulacrum (D:15)
  4 water elementals
  2 wyverns
  2 shadows
  7 wraiths
  11 fire elementals
  A golden eye (shapeshifter) (Vaults:3)
  A human (D:7)
  7 golden eyes
  A basilisk (shapeshifter) (Depths:1)
  A chaos spawn (Zig:11)
  11 hippogriffs
  A yaktaur simulacrum (Vaults:3)
  2 hungry ghosts
  3 basilisks
  33 vampire mosquitoes
  23 insubstantial wisps
  4 mottled dragons
  6 wargs
  55 nagas
  2 human zombies
  14 water moccasins
  18 swamp worms
  A soldier ant (D:10)
  A hydra simulacrum (Hell)
  A spiny frog zombie (Hell)
  5 hell hounds
  7 porcupines
  A giant eyeball (Zig:8)
  46 orc warriors
  18 swamp drakes
  A spiny frog skeleton (Hell)
  12 ice beasts
  A black bear (D:10)
  4 necrophages
  12 eyes of draining
  2 phantoms
  5 sky beasts
  10 wasps
  An eye of draining (shapeshifter) (Depths:2)
  81 ogres
  14 wolves
  13 boggarts
  25 centaurs
  21 crocodiles
  3 big kobolds
  22 giant frogs
  A spiny frog simulacrum (Hell)
  3 earth elementals
  A deep troll simulacrum (Vaults:5)
  7 scorpions
  A scorpion (shapeshifter) (Depths:2)
  5 human simulacra
  13 killer bees
  6 wights
  8 howler monkeys
  8 crimson imps
  22 jellies
  24 orc wizards
  A quasit (D:9)
  18 orc priests
  11 hounds
  A giant frog skeleton (D:7)
  3 iron imps
  14 iguanas
  Ijyb (D:3)
  A lightning spire (Zig:4)
  10 hell rats
  8 worker ants
  17 sheep
  2 hound skeletons
  A mummy (Zig:9)
  A howler monkey zombie (D:11)
  Robin (D:3)
  9 gnolls
  12 adders
  54 river rats
  6 shadow imps
  An ooze (Lair:6)
  An adder zombie (D:6)
  4 worms
  A dart slug (D:2)
  9 giant geckos
  115 orcs
  A ball python (D:1)
  4 giant cockroaches
  17 goblins
  8 hobgoblins
  8 jackals
  6 quokkas
  5 bats
  2 giant newts
  13 kobolds
  A quokka skeleton (D:5)
  A quokka zombie (D:6)
  7 rats
  6 crawling corpses
  3 fungi
  2 plants
2611 creatures vanquished.

Vanquished Creatures (collateral kills)
  the Royal Jelly (Slime:5)
  2 death oozes (Slime:5)
3 creatures vanquished.

Vanquished Creatures (others)
  A tentacled monstrosity (Vaults:5)
  A tengu reaver (Depths:2)
  A fire giant (Depths:4)
  A vampire knight (Depths:3)
  A deep elf demonologist (Elf:1)
  An ettin (Depths:1)
  A deep elf high priest (Elf:3)
  A great orb of eyes (Depths:1)
  An ogre mage (Vaults:1)
  A deep elf knight (Elf:2)
  A spriggan druid (Swamp:4)
  A deep elf archer (Elf:3)
  A small abomination (Elf:3)
  2 orcs (Elf:1)
  25 fungi
  9 plants
49 creatures vanquished.

Grand Total: 2663 creatures vanquished

Notes
Turn   | Place    | Note
--------------------------------------------------------------
     0 | D:1      | Ijustatesigmund the Formicid Fighter began the quest for the Orb.
     0 | D:1      | Reached XP level 1. HP: 18/18 MP: 1/1
   135 | D:1      | Reached XP level 2. HP: 24/24 MP: 2/2
   551 | D:2      | Reached XP level 3. HP: 30/30 MP: 3/3
   552 | D:2      | Found a faded altar of an unknown god.
  1046 | D:2      | You fall through a shaft!
  1273 | D:2      | Found a sparkling altar of Nemelex Xobeh.
  1278 | D:2      | Reached skill level 4 in Fighting
  1338 | D:2      | Reached XP level 4. HP: 35/37 MP: 4/4
  1576 | D:3      | Noticed Robin
  1942 | D:3      | Reached XP level 5. HP: 39/43 MP: 5/5
  1949 | D:3      | Killed Robin
  2046 | D:3      | Noticed Grinder
  2080 | D:3      | Killed Grinder
  2080 | D:3      | Reached skill level 5 in Fighting
  2080 | D:3      | Reached skill level 5 in Shields
  2080 | D:3      | Reached XP level 6. HP: 10/51 MP: 6/6
  2333 | D:3      | Noticed Ijyb
  2346 | D:3      | Killed Ijyb
  2859 | D:3      | Reached XP level 7. HP: 56/56 MP: 7/7
  3443 | D:4      | Reached skill level 5 in Axes
  4046 | D:5      | Entered Level 5 of the Dungeon
  4103 | D:5      | Noticed Prince Ribbit
  4120 | D:5      | Killed Prince Ribbit
  4120 | D:5      | Reached skill level 6 in Fighting
  4120 | D:5      | Reached XP level 8. HP: 37/64 MP: 8/8
  4330 | D:5      | You fall through a shaft for 2 floors!
  4680 | D:7      | Reached skill level 5 in Armour
  5108 | D:6      | Reached skill level 10 in Fighting
  5108 | D:6      | Reached XP level 9. HP: 73/78 MP: 9/9
  5273 | D:6      | Reached XP level 10. HP: 86/86 MP: 10/10
  5286 | D:5      | Found a staircase to the Ecumenical Temple.
  5299 | Temple   | Entered the Ecumenical Temple
  5370 | Temple   | Became a worshipper of Cheibriados the Contemplative
  5638 | D:5      | Reached skill level 1 in Dodging
  6217 | D:5      | Found a deep blue altar of Sif Muna.
  6471 | D:5      | Reached * piety under Cheibriados
  6628 | D:6      | You fall through a shaft for 2 floors!
  6822 | D:8      | Found Egeriaba's Weapon Emporium.
  7495 | D:6      | Reached skill level 11 in Fighting
  7887 | D:7      | Reached ** piety under Cheibriados
  7951 | D:7      | Reached skill level 1 in Invocations
  8043 | D:7      | Reached skill level 1 in Evocations
  8117 | D:7      | You fall through a shaft for 3 floors!
  8117 | D:10     | Entered Level 10 of the Dungeon
  8117 | D:10     | Found Limnups's Magic Scroll Shoppe.
  8120 | D:10     | You fall through a shaft for 3 floors!
  8123 | D:13     | You fall through a shaft for 2 floors!
  8123 | D:15     | Entered Level 15 of the Dungeon
  8412 | D:15     | Noticed an ogre mage
  8437 | D:15     | Killed an ogre mage
  8445 | D:15     | Reached XP level 11. HP: 23/93 MP: 3/14
  8815 | D:14     | Noticed Roxanne
  8837 | D:14     | Got a pair of shimmering gloves
  8843 | D:14     | Identified the +1 pair of gloves of Creativity {*Contam Dex+2 SInv} (You found it on level 14 of the Dungeon)
  8868 | D:14     | Reached skill level 1 in Stealth
  8891 | D:14     | Got a glittering marble ring
  8900 | D:14     | Identified the ring of Ykkah {rC+ Int+5} (You found it on level 14 of the Dungeon)
  8944 | D:13     | Noticed a centaur warrior
  8956 | D:13     | Reached skill level 5 in Invocations
  8963 | D:13     | Killed a centaur warrior
  9307 | D:13     | Reached *** piety under Cheibriados
  9565 | D:12     | Noticed a hill giant
  9578 | D:12     | Killed a hill giant
  9578 | D:12     | Reached skill level 5 in Stealth
  9664 | D:12     | Found Gaugyiq's Book Boutique.
  9676 | D:12     | Bought a book of Minor Magic for 280 gold pieces
  9935 | D:11     | Noticed a five-headed hydra
 10022 | D:11     | Noticed a hill giant
 10035 | D:11     | Killed a hill giant
 10123 | D:10     | Found a staircase to the Lair.
 10125 | D:10     | Noticed an elephant
 10146 | D:10     | Killed an elephant
 10372 | D:10     | Reached **** piety under Cheibriados
 10404 | D:10     | Noticed Maurice
 10415 | D:10     | Killed Maurice
 10442 | D:10     | Learned a level 2 spell: Repel Missiles
 10523 | D:10     | Found Nuecvuv's Jewellery Boutique.
 10578 | D:10     | Found a portal to a secret trove of treasure.
 10670 | D:9      | Reached XP level 12. HP: 94/100 MP: 15/17
 10693 | D:9      | Found a staircase to the Orcish Mines.
 10961 | D:9      | Reached skill level 5 in Dodging
 10962 | D:9      | Found a glowing golden altar of the Shining One.
 11170 | D:7      | Reached ***** piety under Cheibriados
 11796 | D:9      | Found a burning altar of Makhleb.
 12128 | D:10     | Gained mutation: Your magical capacity is low. (-10% MP) [potion of mutation]
 12128 | D:10     | Gained mutation: You are dopey. (Int -2) [potion of mutation]
 12128 | D:10     | Gained mutation: Your spells are a little easier to cast, but a little less powerful. [potion of mutation]
 12129 | D:10     | Lost mutation: Your spells are a little easier to cast, but a little less powerful. [potion of cure mutation]
 12129 | D:10     | Lost mutation: You are dopey. (Int -2) [potion of cure mutation]
 12129 | D:10     | Lost mutation: Your magical capacity is low. (-10% MP) [potion of cure mutation]
 12130 | D:10     | Gained mutation: You are surrounded by a mild repulsion field. (EV +2) [potion of beneficial mutation]
 12139 | D:10     | Bought a scroll of enchant weapon for 105 gold pieces
 12139 | D:10     | Bought a scroll of enchant armour for 105 gold pieces
 12216 | D:10     | Found a large runed door.
 12218 | D:10     | Found a large runed door.
 12424 | D:10     | Found Pevoezxa's Magic Scroll Boutique.
 12443 | D:10     | Found Lezierch's Antique Armour Emporium.
 12450 | D:10     | Found a glowing silver altar of Zin.
 12605 | D:10     | Found a shimmering altar of Xom.
 12605 | D:10     | Noticed an ettin
 12614 | D:10     | Killed an ettin
 12630 | D:10     | Found an iron altar of Okawaru.
 13061 | D:11     | You fall through a shaft!
 13431 | D:11     | Noticed an unseen horror
 13448 | D:11     | Killed an unseen horror
 13448 | D:11     | Reached XP level 13. HP: 106/106 MP: 19/19
 13661 | D:12     | Reached ****** piety under Cheibriados
 13909 | D:10     | Upgraded the game from 0.19-a0-811-gf4045fb to 0.19-a0-821-gf489216
 13913 | Lair:1   | Entered Level 1 of the Lair of Beasts
 14297 | Lair:1   | Reached skill level 1 in Air Magic
 14400 | Lair:1   | Reached skill level 1 in Charms
 14925 | Lair:2   | Noticed a seven-headed hydra
 15028 | Lair:2   | You fall through a shaft!
 15028 | Lair:3   | Found a labyrinth entrance.
 15028 | Lair:3   | Noticed Fannar
 15045 | Lair:3   | Killed Fannar
 15087 | Lab      | Entered a labyrinth
 15567 | Lab      | Noticed a minotaur
 15577 | Lab      | Killed a minotaur
 15631 | Lab      | Identified the Volume of the Ashen Blaze
 15679 | Lair:3   | Noticed Rupert
 15685 | Lair:3   | You fall through a shaft!
 15871 | Lair:4   | Noticed Harold
 15874 | Lair:4   | Killed Harold
 15874 | Lair:4   | Reached skill level 10 in Armour
 15928 | Lair:4   | Noticed a five-headed hydra
 16007 | Lair:1   | Noticed a four-headed hydra
 16106 | Orc:1    | Entered Level 1 of the Orcish Mines
 16498 | Orc:2    | Entered Level 2 of the Orcish Mines
 16508 | Orc:2    | Reached skill level 10 in Invocations
 16854 | Orc:2    | Found a staircase to the Elven Halls.
 16988 | Orc:2    | Found Mapniot's Distillery.
 16988 | Orc:2    | Found Joibleni's Book Emporium.
 16989 | Orc:2    | Noticed an ogre mage
 17000 | Orc:2    | Reached XP level 14. HP: 113/113 MP: 21/21
 17149 | Orc:2    | Found Nesch's Antique Armour Shop.
 17149 | Orc:2    | Found Puufer's Food Shoppe.
 17157 | Orc:2    | Bought a potion of heal wounds for 65 gold pieces
 17159 | Orc:2    | Bought a pair of runed boots for 148 gold pieces
 17171 | Orc:2    | Bought a book of Party Tricks for 600 gold pieces
 17173 | Orc:2    | Learned a level 1 spell: Apportation
 17175 | Orc:2    | Learned a level 1 spell: Summon Butterflies
 17231 | Orc:2    | Reached skill level 5 in Charms
 17779 | D:13     | Reached skill level 1 in Summonings
 17783 | D:13     | Reached skill level 1 in Translocations
 18091 | D:14     | Found a gate to the Vaults.
 18132 | D:14     | You fall through a shaft!
 18264 | D:15     | Found a staircase to the Depths.
 18264 | D:15     | Noticed a fire giant
 18987 | D:14     | Reached XP level 15. HP: 115/119 MP: 23/23
 19256 | D:15     | Killed a fire giant
 19646 | D:15     | Reached skill level 12 in Fighting
 19924 | D:15     | Found a glowing golden altar of the Shining One.
 21249 | Lair:4   | Found a staircase to the Snake Pit.
 21596 | Lair:4   | Reached skill level 13 in Fighting
 22365 | Lair:6   | Entered Level 6 of the Lair of Beasts
 22561 | Lair:6   | Reached XP level 16. HP: 125/131 MP: 24/24
 22812 | Lair:6   | Reached skill level 14 in Fighting
 22936 | Lair:6   | Found a staircase to the Slime Pits.
 23800 | Lair:3   | Killed Rupert
 23845 | Lair:3   | Found a staircase to the Swamp.
 23994 | Lair:1   | Learned a level 2 spell: Ensorcelled Hibernation
 24180 | Depths:1 | Entered Level 1 of the Depths
 24184 | Depths:1 | Found a gateway to a ziggurat.
 24196 | Depths:1 | Reached skill level 1 in Hexes
 24196 | Depths:1 | Reached skill level 1 in Ice Magic
 24334 | Depths:1 | Reached skill level 15 in Axes
 24824 | Depths:1 | Found Ihiy's Incredible Inventory.
 24830 | Depths:1 | Reached skill level 15 in Fighting
 24923 | Depths:1 | Reached XP level 17. HP: 115/142 MP: 25/25
 24926 | Depths:1 | Noticed a lich
 24941 | Depths:1 | Killed a lich
 25088 | Depths:1 | Found a gateway to Hell.
 25264 | Depths:1 | Reached skill level 5 in Hexes
 25654 | Depths:1 | Reached skill level 5 in Ice Magic
 26055 | Depths:2 | Noticed Nikola
 26071 | Depths:2 | HP: 3/142 [Nikola/chain lightning (17)]
 26075 | Depths:2 | Killed Nikola
 26630 | Depths:2 | Noticed a tengu reaver
 26638 | Depths:2 | Killed a tengu reaver
 26829 | Depths:2 | Got an encrusted ring mail
 27351 | Depths:2 | Gained mutation: Armour fits poorly on your strangely shaped body. [a shining eye]
 27355 | Depths:2 | Reached skill level 16 in Fighting
 27372 | Depths:2 | Found a one-way gate leading to the halls of Pandemonium.
 27472 | Depths:2 | Reached XP level 18. HP: 88/151 MP: 17/26
 27864 | Depths:2 | Found a runed door.
 28294 | Depths:2 | Found a runed door.
 28298 | Depths:2 | Noticed a juggernaut
 28298 | Depths:2 | Noticed a juggernaut
 28300 | Depths:2 | Noticed a caustic shrike
 28315 | Depths:2 | Killed a juggernaut
 28318 | Depths:2 | You fall through a shaft for 2 floors!
 28333 | Depths:4 | HP: 1/152 [spark wasp (15)]
 29708 | D:15     | Identified the cursed +1 ring mail of Unreason {rElec rN+ Int+5 Dex+4} (You found it on level 2 of the Depths)
 29994 | Elf:1    | Entered Level 1 of the Elven Halls
 30175 | Elf:1    | Noticed Azrael
 30215 | Elf:1    | Killed Azrael
 30506 | Elf:1    | Noticed a Hell Sentinel
 30512 | Elf:1    | You fall through a shaft!
 30522 | Elf:2    | Reached skill level 17 in Fighting
 30999 | Elf:2    | Found a runed gate.
 30999 | Elf:2    | Found a runed gate.
 30999 | Elf:2    | Found a runed gate.
 31045 | Elf:2    | Reached XP level 19. HP: 147/161 MP: 23/27
 31114 | Elf:2    | Noticed a deep elf blademaster
 31125 | Elf:2    | Killed a deep elf blademaster
 31582 | Elf:2    | Lost mutation: Armour fits poorly on your strangely shaped body. [potion of cure mutation]
 31582 | Elf:2    | Lost mutation: You are surrounded by a mild repulsion field. (EV +2) [potion of cure mutation]
 31925 | Elf:1    | Gained mutation: You are clumsy. (Dex -2) [a neqoxec]
 32295 | Elf:3    | Entered Level 3 of the Elven Halls
 33072 | Elf:3    | Noticed Louise
 33102 | Elf:3    | Killed Louise
 33506 | Elf:3    | Reached XP level 20. HP: 138/168 MP: 28/28
 33540 | Elf:3    | Reached skill level 10 in Stealth
 33928 | Elf:3    | Got a slimy broad axe {drain}
 33952 | Elf:3    | Identified the +3 broad axe "Ipneerua" {drain, *Contam +Blink rC+++ Int-2} (You took it off a deep elf death mage on level 3 of the Elven Halls)
 34010 | Elf:3    | Gained mutation: Your spells are a little harder to cast, but a little more powerful. [mutagenic glow]
 34442 | Elf:3    | Got a bloodstained hand axe
 34445 | Elf:3    | Identified the cursed +0 hand axe of Departure {chop, MR+ Str+2 Int+2} (You found it on level 3 of the Elven Halls)
 34516 | Elf:3    | Got a slimy copper ring
 34518 | Elf:3    | Identified the ring "Kuzerat" {*Corrode +Fly MR+ Str+4 Stlth+} (You found it on level 3 of the Elven Halls)
 34920 | Lair:1   | Lost mutation: Your spells are a little harder to cast, but a little more powerful. [potion of cure mutation]
 34920 | Lair:1   | Lost mutation: You are clumsy. (Dex -2) [potion of cure mutation]
 34921 | Lair:1   | Gained mutation: You are surrounded by a mild repulsion field. (EV +2) [potion of beneficial mutation]
 35034 | Snake:1  | Entered Level 1 of the Snake Pit
 35537 | Snake:2  | Noticed Aizul
 35551 | Snake:2  | Killed Aizul
 35551 | Snake:2  | Reached skill level 10 in Shields
 35551 | Snake:2  | Reached skill level 1 in Spellcasting
 35557 | Snake:2  | You fall through a shaft!
 36024 | Snake:3  | Got a translucent silver ring
 36026 | Snake:3  | Identified the ring of Ixaotes {*Contam rC++ EV+2 Int+4} (You found it on level 3 of the Snake Pit)
 36835 | Snake:3  | Reached XP level 21. HP: 146/174 MP: 29/29
 37201 | Snake:4  | Entered Level 4 of the Snake Pit
 37307 | Snake:4  | Reached skill level 5 in Spellcasting
 38467 | Snake:4  | Got a serpentine rune of Zot
 38969 | Lair:1   | Learned a level 3 spell: Spider Form
 38975 | Lair:1   | Learned a level 5 spell: Yara's Violent Unravelling
 39089 | Vaults:1 | Entered Level 1 of the Vaults
 39215 | Vaults:1 | Reached XP level 22. HP: 158/183 MP: 26/31
 39217 | Vaults:1 | Reached skill level 1 in Transmutations
 39645 | Vaults:1 | Reached skill level 5 in Transmutations
 39823 | Vaults:1 | Reached skill level 1 in Poison Magic
 39967 | Vaults:1 | Found Jazy Rofaus's Antique Weapon Emporium.
 40364 | Vaults:2 | Found a radiant altar of Vehumet.
 40374 | Vaults:2 | Got a fine robe
 40375 | Vaults:2 | Identified the +0 robe "Reusmegi" {Str+5} (You found it on level 2 of the Vaults)
 40617 | Vaults:2 | Noticed Jory
 40636 | Vaults:2 | Killed Jory
 41609 | Vaults:3 | Reached skill level 10 in Hexes
 41663 | Vaults:3 | Found Ihil's Book Shop.
 41672 | Vaults:3 | Reached skill level 10 in Transmutations
 41829 | Vaults:3 | Reached XP level 23. HP: 131/189 MP: 16/32
 41845 | Vaults:3 | Found Ojyupn's Distillery.
 41846 | Vaults:3 | Found Wekhliuni's Magic Scroll Shoppe.
 41856 | Vaults:3 | Bought a scroll of fog for 30 gold pieces
 41862 | Vaults:3 | Found Zethedar's Magic Scroll Shoppe.
 41870 | Vaults:3 | Bought a scroll of enchant weapon for 82 gold pieces
 41895 | Vaults:3 | Bought a potion of heal wounds for 100 gold pieces
 41895 | Vaults:3 | Bought a potion of curing for 60 gold pieces
 41895 | Vaults:3 | Bought a potion of curing for 60 gold pieces
 42247 | Vaults:3 | Reached skill level 18 in Fighting
 42273 | Vaults:3 | Found Eraug's Weapon Emporium.
 42332 | Vaults:3 | Found Patrepn's Antique Weapon Shoppe.
 42408 | Vaults:3 | Cast into level 2 of the Abyss (a deep elf sorcerer)
 42425 | Vaults:3 | Escaped the Abyss
 42498 | Vaults:3 | Found a staircase to the Crypt.
 42498 | Vaults:3 | Found a basalt altar of Yredelemnul.
 42499 | Vaults:3 | Found an ancient bone altar of Kikubaaqudgha.
 42553 | Vaults:3 | Found Ekhlinorph's Assorted Antiques.
 42563 | Vaults:3 | Bought a bone ring for 185 gold pieces
 42563 | Vaults:3 | Bought a scroll labeled WIUWU UTSAPSI for 37 gold pieces
 42683 | Vaults:3 | Found Huqehid's Food Shoppe.
 42781 | Vaults:4 | Upgraded the game from 0.19-a0-821-gf489216 to 0.19-a0-831-gce7da8b
 43020 | Vaults:4 | Found a snail-covered altar of Cheibriados.
 43680 | Vaults:4 | Reached skill level 19 in Fighting
 43773 | Vaults:4 | Noticed Tungsten's ghost (adept DEFE)
 43785 | Vaults:4 | Killed Tungsten's ghost
 43894 | Vaults:4 | Reached XP level 24. HP: 137/201 MP: 32/32
 44219 | Vaults:4 | Gained mutation: You are partially covered in molten scales. (AC +1) [potion of beneficial mutation]
 44494 | Lair:1   | Learned a level 3 spell: Mephitic Cloud
 44498 | Lair:1   | Learned a level 3 spell: Ignite Poison
 44577 | Swamp:1  | Entered Level 1 of the Swamp
 44590 | Swamp:1  | Reached skill level 1 in Conjurations
 44611 | Swamp:1  | Reached skill level 1 in Fire Magic
 45651 | Swamp:2  | Reached skill level 5 in Poison Magic
 45653 | Swamp:2  | Noticed Frances
 45665 | Swamp:2  | Killed Frances
 46222 | Swamp:3  | Noticed Donald
 46226 | Swamp:3  | Killed Donald
 46310 | Swamp:3  | Reached skill level 5 in Air Magic
 46314 | Swamp:3  | Noticed Mara
 46320 | Swamp:3  | Noticed Ijustatesigmund's illusion
 46328 | Swamp:3  | Killed Mara
 46864 | Swamp:4  | Entered Level 4 of the Swamp
 46994 | Swamp:4  | Got a decaying rune of Zot
 47103 | Swamp:4  | Reached skill level 5 in Fire Magic
 47395 | Swamp:4  | Reached skill level 5 in Conjurations
 47752 | Lair:1   | Learned a level 5 spell: Venom Bolt
 47759 | Lair:1   | Learned a level 6 spell: Deflect Missiles
 48059 | Vaults:5 | Entered Level 5 of the Vaults
 48075 | Vaults:5 | Reached XP level 25. HP: 188/208 MP: 21/32
 49085 | Vaults:5 | Identified the Incunabulum of Twisted Poison
 49448 | Vaults:5 | Reached XP level 26. HP: 199/215 MP: 23/32
 49462 | Vaults:5 | Reached skill level 10 in Charms
 49672 | Vaults:5 | Got a flickering wooden ring
 49687 | Vaults:5 | Reached skill level 10 in Air Magic
 50274 | Vaults:5 | Identified the ring of Ychuozoedd {rElec rC+ Str+4 Dex+6} (You took it off a vault warden on level 5 of the Vaults)
 50285 | Vaults:5 | Got a silver rune of Zot
 51190 | Depths:3 | Reached skill level 10 in Poison Magic
 51294 | Depths:3 | Found a one-way gate to the infinite horrors of the Abyss.
 51897 | Depths:3 | Noticed a juggernaut
 52111 | Depths:4 | You fall through a shaft!
 52111 | Depths:5 | Entered Level 5 of the Depths
 52343 | Depths:4 | Reached XP level 27. HP: 222/222 MP: 32/32
 52645 | Depths:4 | Reached skill level 10 in Conjurations
 52862 | Depths:4 | Reached skill level 1 in Throwing
 53055 | Depths:4 | Reached skill level 10 in Dodging
 53089 | Hell     | Entered the Vestibule of Hell
 53089 | Hell     | Noticed Geryon
 53684 | Hell     | Killed Geryon
 53703 | Depths:4 | Reached skill level 15 in Armour
 53883 | Hell     | Found a gateway to the decaying netherworld of Tartarus.
 53901 | Hell     | Noticed Murray
 53916 | Hell     | Killed Murray
 54050 | Hell     | Reached skill level 15 in Shields
 54071 | Hell     | Reached skill level 5 in Throwing
 54096 | Hell     | Gained mutation: You are frail. (-10% HP) [a cacodemon]
 54202 | Hell     | Found a gateway to the freezing wastes of Cocytus.
 54362 | Hell     | Found a gateway to the ashen valley of Gehenna.
 54512 | Hell     | Found a gateway to the Iron City of Dis.
 54861 | Lair:1   | Learned a level 5 spell: Silence
 55016 | Slime:1  | Entered Level 1 of the Pits of Slime
 55099 | Slime:1  | Gained mutation: Your magical capacity is low. (-10% MP) [a shining eye]
 55278 | Slime:2  | Noticed Dissolution
 55284 | Slime:2  | Killed Dissolution
 55285 | Slime:2  | Gained mutation: Your spells are a little easier to cast, but a little less powerful. [a shining eye]
 55287 | Slime:2  | Gained mutation: Your spells are easier to cast, but less powerful. [a shining eye]
 55287 | Slime:2  | Gained mutation: Potions and wands are less effective at restoring your health. [a shining eye]
 55290 | Slime:2  | Gained mutation: You are clumsy. (Dex -2) [a shining eye]
 55293 | Slime:2  | Gained mutation: You are very frail. (-20% HP) [a shining eye]
 55578 | Slime:3  | Gained mutation: You possess an exceptional clarity of mind. [a shining eye]
 55581 | Slime:3  | Gained mutation: You are dopey. (Int -2) [a shining eye]
 55581 | Slime:3  | Gained mutation: You occasionally shout uncontrollably at your foes. [a shining eye]
 55584 | Slime:3  | Gained mutation: Potions and wands are poor at restoring your health. [a shining eye]
 55584 | Slime:3  | Gained mutation: You expend magic power (3 MP) to strengthen your wands. [a shining eye]
 55587 | Slime:3  | Gained mutation: You are weak. (Str -2) [a shining eye]
 55588 | Slime:3  | Reached skill level 20 in Fighting
 55588 | Slime:3  | Lost mutation: You are clumsy. (Dex -2) [a shining eye]
 55589 | Slime:3  | Gained mutation: You are clumsy. (Dex -2) [a shining eye]
 55737 | Slime:5  | Entered Level 5 of the Pits of Slime
 56016 | Slime:5  | Lost mutation: Your magical capacity is low. (-10% MP) [potion of cure mutation]
 56016 | Slime:5  | Lost mutation: You are very frail. (-20% HP) [potion of cure mutation]
 56016 | Slime:5  | Lost mutation: You are partially covered in molten scales. (AC +1) [potion of cure mutation]
 56016 | Slime:5  | Lost mutation: Your spells are easier to cast, but less powerful. [potion of cure mutation]
 56016 | Slime:5  | Lost mutation: You occasionally shout uncontrollably at your foes. [potion of cure mutation]
 56031 | Slime:5  | Found a viscous altar of Jiyva.
 56033 | Slime:5  | Noticed the Royal Jelly
 56068 | Slime:5  | Killed the Royal Jelly
 56432 | Slime:5  | Got a faintly humming scale mail
 56433 | Slime:5  | Identified the +3 scale mail "Fothifi" {rElec rF+++ Regen+ Stlth-} (You found it on level 5 of the Pits of Slime)
 56474 | Slime:5  | Lost mutation: Your spells are a little easier to cast, but a little less powerful. [potion of cure mutation]
 56474 | Slime:5  | Lost mutation: You are clumsy. (Dex -2) [potion of cure mutation]
 56474 | Slime:5  | Lost mutation: You are weak. (Str -2) [potion of cure mutation]
 56474 | Slime:5  | Lost mutation: You are frail. (-10% HP) [potion of cure mutation]
 56503 | Slime:5  | Learned a level 6 spell: Poisonous Cloud
 56510 | Slime:5  | Learned a level 6 spell: Freezing Cloud
 56513 | Slime:5  | Got a fine iron ring
 56523 | Slime:5  | Identified the ring "Ilurphag" {rPois rF- rN+ Int+4} (You found it on level 5 of the Pits of Slime)
 56540 | Slime:5  | Got a slimy rune of Zot
 56651 | Slime:2  | Reached skill level 10 in Spellcasting
 57078 | Zig:1    | Entered Level 1 of a ziggurat
 57090 | Zig:2    | Entered Level 2 of a ziggurat
 57115 | Zig:3    | Entered Level 3 of a ziggurat
 57138 | Zig:4    | Entered Level 4 of a ziggurat
 57140 | Zig:4    | Noticed a shard shrike
 57157 | Zig:4    | Killed a shard shrike
 57157 | Zig:4    | Reached skill level 21 in Fighting
 57231 | Zig:4    | Got a translucent scale mail
 57232 | Zig:4    | Identified the +6 scale mail "Mesou" {rElec MR+} (You found it on level 4 of a ziggurat)
 57244 | Zig:5    | Entered Level 5 of a ziggurat
 57295 | Zig:6    | Entered Level 6 of a ziggurat
 57369 | Zig:6    | Identified Qinnoa's Guide on Calling
 57382 | Zig:7    | Entered Level 7 of a ziggurat
 57386 | Zig:7    | Gained mutation: You are frail. (-10% HP) [a shining eye]
 57391 | Zig:7    | Lost mutation: Potions and wands are poor at restoring your health. [a shining eye]
 57427 | Zig:7    | Reached skill level 10 in Ice Magic
 57431 | Zig:8    | Entered Level 8 of a ziggurat
 57542 | Zig:8    | Got a glittering pewter amulet
 57550 | Zig:8    | Got a bound platinum ring
 57552 | Zig:8    | Identified the amulet of Zotamec {Harm *Drain rElec Str-3 Int+9} (You found it on level 8 of a ziggurat)
 57553 | Zig:8    | Identified the ring "Ytolopun" {+Fly MR+ Int+6} (You found it on level 8 of a ziggurat)
 57567 | Zig:9    | Entered Level 9 of a ziggurat
 57600 | Zig:9    | Got a flickering silver amulet
 57604 | Zig:9    | Identified Iggiaw's Disquisition on Hexes and Weightlessness
 57720 | Zig:9    | Identified the amulet "Qasatee" {Harm *Drain rC+} (You found it on level 9 of a ziggurat)
 57722 | Zig:10   | Entered Level 10 of a ziggurat
 57786 | Zig:10   | Got a coiled tin ring
 57789 | Zig:10   | Identified the Papyrus of Hurtful Weightlessness
 57791 | Zig:10   | Identified the ring "Onaitoim" {Int+5 Dex+6} (You found it on level 10 of a ziggurat)
 57809 | Zig:11   | Entered Level 11 of a ziggurat
 57834 | Zig:11   | Noticed Sunk the pandemonium lord
 57852 | Zig:11   | Killed Sunk the pandemonium lord
 57884 | Zig:11   | Reached skill level 15 in Invocations
 57889 | Zig:11   | Identified Jaahawk's Disquisition on the Escort
 57896 | Zig:11   | Identified Luuryrph's Collected Works on Flamy Dark Rites
 57981 | Zig:12   | Entered Level 12 of a ziggurat
 58038 | Zig:12   | HP: 9/205 [infernal black sun/a malign offering (7)]
 58041 | Zig:12   | Slain by a Tzitzimitl

Vault maps used:
D:1:      minmay_arrival_semitransparent
D:2:      nicolae_overflow_crystal_walls, ecumenical_altar_2
D:3:      kennysheep_big_flooded_room, uniq_iyjb, uniq_robin, uniq_grinder
D:4:      first_bread
D:5:      overflow_temple_1_default, uniq_prince_ribbit1
D:7:      minivault_14, grunt_livestock
D:8:      serial_shops, shop, hangedman_decor_opposing, hangedman_decor_points,
          minivault_19
D:9:      grunt_temple_overflow_open, erik_orc_1, minmay_misc_feat_columns
D:10:     david_lair_generic, serial_shops, nicolae_shop_waterfront, shop,
          nicolae_shop_temple_entry_statues_fountains, shop, basic_altar,
          nicolae_trove_entry_columns, jmf_multi_god_temple2, uniq_maurice
D:12:     serial_shops, shop
D:14:     lightli_vaults_fourway_checkpoint, serial_column_ruins,
          column_ruins_corridor_straight, column_ruins_columns_straight,
          column_ruins_open_small, column_ruins_grid_3, uniq_roxanne
D:15:     grunt_enter_depths_giant_problem, lemuel_statue_altar
Temple:   dpeg_five_rooms_temple
Lair:1:   grunt_megastairs_5, serial_bayou_shore_a, serial_bayou_shore_b
Lair:3:   minmay_swamp_entry_swarm, lab_entry_generic, minivault_25,
          uniq_fannar, uniq_rupert
Lair:4:   minmay_snake_entry_guardpost_large, uniq_harold
Lair:5:   lemuel_fruit_fields, serial_bayou_shore_b
Lair:6:   hangedman_lair_in_review, minmay_slime_entry_jelly_boxes,
          minivault_25, serial_bayou_shore_b
Swamp:1:  hangedman_swamp_ruin_wall, swamp_pool3
Swamp:2:  evilmike_swamp_ruin_house_2, infiniplex_staircase_pool, uniq_frances
Swamp:3:  evilmike_swamp_ruin_house_1, uniq_donald, uniq_mara
Swamp:4:  swamp, swamp_pool1
Snake:2:  nicolae_aizul_guard, grunt_megastairs_4
Snake:4:  grunt_snake_rune_pools, spider_trap, guppyfry_snake_island
Slime:1:  cheibrodos_slime_lost_civilization_4
Slime:2:  dissolution_awaits
Slime:3:  uniq_dissolution
Orc:2:    st_orc_ogre_mass
Elf:1:    eino_elf_arrival_sip, serial_glass, glass_columns_b, glass_columns_a,
          glass_columns_b, glass_columns_c, glass_columns_c, glass_columns_b,
          glass_columns_c, glass_columns_b, glass_columns_a, glass_columns_a,
          glass_columns_a, glass_columns_c, glass_columns_c, glass_columns_b,
          minmay_strange_pillars, feat_on_display, minmay_strange_pillars,
          due_unseen_surprise, hangedman_elf_represent, uniq_azrael
Elf:2:    st_stairs_1
Elf:3:    minmay_elf_hall_furrowed, stair_cage_line, st_stairs_10, uniq_louise
Vaults:1: v_pattern_1, v_misc_17, nicolae_vaults_network_s,
          nicolae_vaults_c_with_doors, v_misc_10, hangedman_vaults_hat,
          grunt_vaults_focal, nicolae_vaults_little_squares_6, v_misc_1,
          v_rooms_3, nicolae_vaults_asterisk, serial_ice_h,
          vaults_dpeg_diagonal, serial_shops, shop
Vaults:2: grunt_tower_of_power, serial_ice_m, ontoclasm_vaults_bender, v_misc_2,
          vaults_room_large_hall, nicolae_vaults_network_star,
          vaults_dpeg_hooks, hangedman_vaults_impose,
          hangedman_vaults_river_flow, ontoclasm_vaults_misaligned,
          nicolae_vaults_little_squares_2, nicolae_vaults_border_crossing,
          dpeg_vaults_monster_box, uniq_jory, uniq_aizul
Vaults:3: hangedman_vaults_hard_town_square, ontoclasm_vaults_gateway,
          grunt_vaults_hallway_short, vaults_room_fours, v_pattern_4,
          minmay_crypt_entry_necro_gods, nicolae_vaults_theta, v_misc_14,
          v_misc_26, v_misc_2, nicolae_vaults_network_quinsquares,
          nicolae_vaults_mini_display_case, serial_shops, shop, shop,
          nicolae_shop_stone, nicolae_shop_window_shopping, nicolae_shop_trees
Vaults:4: nicolae_vaults_little_squares_6, nicolae_vaults_ring_of_whatevers,
          v_misc_30, v_misc_5, vaults_room_door_ring, v_misc_1,
          vaults_dpeg_encased_lava, basic_altar
Depths:1: enter_ziggurat_e, hangedman_coc_ice_floe, kennysheep_small_spiral,
          minmay_misc_feat_pillars, nicolae_twisting_strands,
          kennysheep_another_room, minivault_15, nicolae_alphabet_shops,
          st_stairs_7, lemuel_flame_loot_1
Depths:2: thingy_vault_2, rand_demon_pan_entry_4, hell_entry,
          hangedman_decor_growths, uniq_nikola
Depths:3: minmay_stepped, grunt_pan_entry_spiral, solitary_fountain,
          abyss_entry_small_statue_room, hell_entry, infiniplex_staircase_pool_2
Depths:4: hangedman_crystal_crosses_colossus, hell_entry, abyss_entry
Depths:5: evilmike_zot_entry_argh, abyss_entry, serial_shops,
          nicolae_shop_crystal, hell_entry, fountainhead, grunt_ministairs_2,
          kennysheep_random_hallway
Abyss:2:  hangedman_illusive_loot
Zig:6:    ziggurat_pillar_centre_c
Zig:7:    ziggurat_loot_3
Zig:8:    ziggurat_loot_2
Zig:9:    ziggurat_pillar_centre_dead_trees
Lab:      labyrinth_spiral, lab_statue, nicolae_lab_garden, nicolae_lab_grate,
          nicolae_lab_plus

Skill      XL: |  1  2  3  4  5  6  7  8  9 10 11 12 13 14 15 16 17 18 19 20 21 22 23 24 25 26 27 |
---------------+----------------------------------------------------------------------------------+-----
Axes           | 3 4 6 11 12 14 15 16 18 19 20 | 20.9
Fighting       | 4 5 6 10 11 13 15 16 17 19 21 | 21.1
Shields        | 4 5 6 8 11 13 15 | 15.2
Armour         | 4 5 6 9 10 12 14 15 | 15.3
Dodging        | 3 4 7 8 9 10 | 10.8
Invocations    | 4 7 8 10 11 12 15 | 15.7
Evocations     | 3 4 |  4.0
Stealth        | 5 9 11 12 | 12.7
Air Magic      | 3 4 5 9 10 | 10.1
Charms         | 4 5 9 10 | 10.9
Summonings     | 3 |  3.4
Translocations | 3 |  3.5
Hexes          | 4 7 10 11 | 11.7
Ice Magic      | 3 6 12 | 12.2
Spellcasting   | 4 5 10 | 10.0
Transmutations | 10 11 | 11.4
Poison Magic   | 3 9 12 13 | 13.1
Conjurations   | 5 6 8 10 | 10.0
Fire Magic     | 5 |  5.3
Throwing       | 5 |  5.7

Action                   |  1- 3 |  4- 6 |  7- 9 | 10-12 | 13-15 | 16-18 | 19-21 | 22-24 | 25-27 || total
-------------------------+-------+-------+-------+-------+-------+-------+-------+-------+-------++-------
Melee: War axe           |    88 |   128 |   179 |   797 |       |       |       |       |       ||  1192
       Broad axe         |       |       |       |    33 |  1030 |   833 |       |       |       ||  1896
       Hand axe          |       |       |       |       |    43 |    33 |    21 |       |       ||    97
       Battleaxe         |       |       |       |       |       |   122 |       |       |       ||   122
       Executioner's axe |       |       |       |       |       |    16 |   899 |  1150 |  1517 ||  3582
 Cast: Repel Missiles    |       |       |       |       |     5 |     5 |     7 |     3 |     7 ||    27
       Apportation       |       |       |       |       |       |     5 |       |       |       ||     5
       Yara's Violent Un |       |       |       |       |       |       |       |     6 |     2 ||     8
       Spider Form       |       |       |       |       |       |       |       |     1 |       ||     1
       Ignite Poison     |       |       |       |       |       |       |       |     2 |     8 ||    10
       Mephitic Cloud    |       |       |       |       |       |       |       |     1 |     6 ||     7
       Venom Bolt        |       |       |       |       |       |       |       |     1 |     4 ||     5
       Deflect Missiles  |       |       |       |       |       |       |       |       |    10 ||    10
       Poisonous Cloud   |       |       |       |       |       |       |       |       |     2 ||     2
Invok: Slouch            |       |       |       |     1 |     5 |     5 |     5 |     1 |    14 ||    31
       Step From Time    |       |       |       |       |       |       |       |       |     7 ||     7
 Abil: Shaft Self        |       |       |     1 |     5 |     3 |     2 |     1 |       |     1 ||    13
       Dig               |       |       |       |     4 |    13 |    11 |     5 |     2 |    13 ||    48
       End Transformatio |       |       |       |       |       |       |       |     1 |       ||     1
Evoke: Wand              |       |       |       |     1 |       |     2 |       |     2 |       ||     5
       Phantom mirror    |       |       |       |       |       |       |       |       |     1 ||     1
  Use: Scroll            |     6 |     1 |    12 |    17 |    12 |     5 |    14 |    16 |    30 ||   113
       Potion            |       |     2 |     4 |     8 |     3 |    11 |     5 |     9 |    26 ||    68
 Stab: Sleeping          |       |       |       |    10 |    11 |     3 |    11 |    28 |    10 ||    73
       Confused          |       |       |       |     2 |       |       |       |     2 |       ||     4
       Distracted        |       |       |       |     1 |     2 |     3 |     5 |     7 |    13 ||    31
       Petrified         |       |       |       |       |     2 |       |       |       |       ||     2
       Invisible         |       |       |       |       |       |       |       |       |     4 ||     4
  Eat: Chunk             |     1 |     5 |     5 |    10 |    13 |    12 |     2 |     4 |       ||    52
       Pizza             |       |       |     1 |     1 |       |       |     3 |       |       ||     5
       Royal jelly       |       |       |     1 |       |     1 |       |     1 |     1 |     4 ||     8
       Fruit             |       |       |       |     3 |     6 |     9 |     4 |     1 |     3 ||    26
       Meat ration       |       |       |       |     1 |       |       |       |     2 |     2 ||     5
       Beef jerky        |       |       |       |     1 |     2 |       |     3 |     1 |     3 ||    10
       Bread ration      |       |       |       |       |       |       |       |     1 |     3 ||     4
Armor: Scale mail        |    22 |       |       |       |       |       |       |       |       ||    22
       Ring mail         |     5 |    38 |    50 |    47 |       |       |       |       |       ||   140
       Pearl dragon armo |       |       |       |    73 |   193 |   238 |   206 |   221 |   536 ||  1467
Dodge: Dodged            |    22 |    54 |    61 |   366 |   640 |   946 |   615 |   697 |  1314 ||  4715
       Deflected         |       |       |       |       |     9 |    15 |    51 |    17 |    84 ||   176
Block: Shield            |    49 |    72 |   119 |   493 |   773 |   928 |   326 |       |       ||  2760
       Reflection        |       |       |       |       |       |       |    19 |       |       ||    19
       Large shield      |       |       |       |       |       |       |   778 |  1420 |  2332 ||  4530
